Map: 프리온 단구

Players

aznboy

  • Race: Terran Terran
  • League: Master

기기 - Winner!

  • Race: Zerg Zerg
  • League: Master

VOD

Have the link to the VOD?

Description

Time

  • Played on: Jan. 19, 2016, 5:57 a.m.
  • Length: 10:19
Show
View Real Time Build Order
Export as new Build Order

aznboy Terran 

Build Orders:  

Get SALT Encoding   

  12  0:02  SCV  
  13  0:15  SCV  
  13  0:20  Supply Depot  
  14  0:27  SCV  
  15  0:42  SCV, Barracks  
  16  0:45  Refinery  
  16  0:54  SCV  
  17  1:01  Barracks  
  17  1:06  SCV  
  18  1:18  SCV, Refinery  
  19  1:29  Reaper  
  20  1:32  Barracks  
  20  1:35  SCV  
  21  1:49  Reaper  
  21  1:53  Orbital Command  
  22  2:01  Reaper  
  22  2:06  Supply Depot  
  23  2:28  SCV, Reaper  
  25  2:34  Reaper  
  26  2:42  SCV  
  27  2:49  Supply Depot  
  27  2:52  Reaper  
  27  2:57  SCV  
  29  3:00  Reaper  
  30  3:06  Reaper  
  30  3:11  SCV  
  31  3:24  SCV, Reaper  
  33  3:32  Reaper  
  33  3:38  Reaper  
  33  3:42  Command Center  
  33  3:43  SCV  
  33  3:44  Supply Depot  
  34  3:55  SCV  
  34  3:59  Marine  
  36  4:04  Reaper  
  36  4:05  Barracks x2  
  37  4:10  Supply Depot, Reaper  
  37  4:11  SCV  
  39  4:17  Reaper  
  39  4:23  SCV  
  40  4:36  SCV, Reaper  
  40  4:42  Reaper  
  41  4:48  Supply Depot  
  41  4:49  Reaper  
  41  4:51  SCV  
  43  4:54  Reaper  
  43  4:55  Reaper, Orbital Command  
  45  5:06  SCV  
  47  5:14  Reaper  
  47  5:16  Orbital Command  
  48  5:21  Reaper  
  48  5:22  Command Center  
  48  5:26  SCV  
  48  5:27  Reaper x2  
  52  5:40  SCV, Reaper  
  52  5:42  SCV  
  54  5:46  Reaper  
  55  5:51  Refinery  
  55  5:52  SCV, Refinery  
  55  5:53  Reaper  
  56  5:59  Reaper  
  56  6:02  SCV  
  56  6:06  Reaper  
  56  6:09  SCV  
  58  6:12  Reaper  
  58  6:14  SCV  
  58  6:16  Barracks  
  58  6:17  Barracks  
  60  6:20  Reaper  
  60  6:21  SCV  
  62  6:25  Reaper  
  62  6:29  Supply Depot  
  62  6:31  SCV  
  63  6:33  Reaper  
  63  6:35  SCV  
  63  6:38  Reaper  
  66  6:44  SCV, Reaper  
  68  6:47  Barracks  
  68  6:48  Barracks  
  68  6:49  Barracks  
  68  6:50  SCV  
  68  6:51  Barracks  
  68  6:52  Reaper  
  64  6:57  SCV, Reaper  
  66  7:01  Orbital Command  
  66  7:05  Reaper  
  66  7:06  Refinery  
  66  7:07  SCV  
  68  7:10  Reaper  
  68  7:14  Refinery  
  67  7:16  Reaper  
  67  7:17  SCV  
  69  7:23  SCV  
  69  7:24  Reaper  
  71  7:30  Reaper  
  71  7:33  SCV  
  71  7:34  SCV  
  72  7:37  Reaper  
  72  7:39  SCV  
  72  7:42  Reaper  
  75  7:45  SCV  
  75  7:47  Reaper x5  
  75  7:48  Reaper x2  
  75  7:49  SCV  
  84  7:51  SCV  
  84  7:56  Reaper  
  84  7:57  SCV  
  85  8:04  SCV  
  83  8:06  Reaper  
  83  8:07  SCV  
  83  8:09  SCV, Reaper  
  83  8:10  Command Center  
  83  8:12  Engineering Bay  
  87  8:14  Reaper  
  87  8:16  SCV  
  87  8:17  Factory  
  87  8:19  Supply Depot, Reaper x2, SCV  
  91  8:26  Reaper  
  88  8:32  SCV  
  88  8:33  Reaper x2  
  88  8:45  SCV  
  88  8:47  Reaper  
  88  8:48  Reaper  
  82  8:50  Reaper x2  
  82  8:53  SCV  
  83  8:59  Reaper  
  83  9:01  SCV  
  81  9:03  Reaper x2  
  81  9:05  SCV  
  81  9:08  Reaper  
  85  9:13  SCV  
  85  9:14  Reaper  
  85  9:17  SCV  
  85  9:19  Reaper  
  85  9:23  Reaper  
  86  9:25  SCV  
  86  9:29  Reaper  
  83  9:32  Reaper  
  83  9:33  Reaper  
  83  9:35  Reaper  
Show
View Real Time Build Order
Export as new Build Order

기기 Zerg - Winner!

Build Orders: Hatch First 

Get SALT Encoding   

  12  0:01  Drone  
  13  0:12  Overlord  
  13  0:17  Drone  
  14  0:30  Drone x2  
  16  0:35  Drone  
  17  0:55  Drone  
  18  0:58  Hatchery, Drone  
  18  1:00  Extractor  
  17  1:06  Drone  
  18  1:19  Spawning Pool  
  18  1:20  Drone  
  18  1:28  Drone  
  19  1:38  Overlord  
  19  1:49  Drone  
  20  2:05  Queen  
  20  2:06  Zergling x2  
  23  2:09  Queen  
  23  2:10  Zergling x2  
  23  2:12  Drone  
  27  2:20  Drone  
  28  2:24  Drone  
  28  2:25  Roach Warren  
  28  2:35  Drone x2  
  29  2:43  Queen  
  30  2:49  Overlord  
  30  2:57  Drone  
  31  3:07  Roach  
  31  3:08  Roach  
  31  3:09  Roach x2  
  31  3:12  Queen  
  37  3:18  Roach x2  
  40  3:40  Drone x4  
  44  3:42  Overlord x2  
  44  4:02  Drone x8  
  52  4:03  Drone  
  55  4:10  Roach  
  55  4:19  Extractor x2  
  55  4:22  Evolution Chamber  
  52  4:25  Evolution Chamber  
  52  4:28  Drone x5  
  52  4:30  Roach  
  58  4:39  Lair  
  58  4:50  Zerg Missile Weapons Level 1  
  58  4:51  Zerg Ground Armor Level 1  
  58  4:52  Drone  
  59  4:53  Drone  
  59  4:54  Overlord  
  60  5:12  Overlord x2  
  60  5:17  Drone  
  60  5:18  Drone  
  60  5:19  Extractor  
  61  5:25  Hatchery  
  60  5:37  Drone x3  
  60  5:38  Drone, Overseer  
  60  5:42  Roach x5  
  68  6:11  Roach x4  
  76  6:13  Overlord x4  
  74  6:35  Roach x4  
  74  6:36  Roach x2  
  84  6:41  Roach  
  84  6:42  Roach x2  
  88  6:56  Ravager x3  
  88  7:00  Roach x5  
  101  7:20  Glial Reconstitution  
  95  7:26  Roach x7  
  101  7:39  Ravager x2  
  101  7:40  Overlord, Ravager x4  
  101  7:41  Overlord x2  
  107  7:49  Overlord  
  107  7:50  Overlord x3  
  104  8:08  Roach x5  
  109  8:22  Roach  
  109  8:23  Roach x6  
  114  8:31  Hatchery  
  113  8:36  Roach x3  
  105  8:48  Ravager x2  
  105  8:50  Roach x7  
  120  8:59  Ravager  
  114  9:26  Roach x2  
  114  9:27  Roach x9  
  118  9:54  Roach x4  
Tags
 
Add a new tag
Caveats
  • Supply blocks, unpowered buildings, or Contaminate may cause inaccurate times.
  • Supply counts are checked every 10 seconds.